Map: Prion Terraces

Players

iAsonu

  • Race: Zerg Zerg

Elazer - Winner!

  • Race: Zerg Zerg

Event: 2016 WCS Winter Circuit Championship

VOD

Have the link to the VOD?

Description

Time

  • Played on: March 4, 2016, 9:54 a.m.
  • Length: 10:04

All games in this series

Show
View Real Time Build Order
Export as new Build Order

iAsonu Zerg 

Build Orders: Hatch First 

Get SALT Encoding   

  12  0:01  Drone  
  13  0:12  Overlord  
  13  0:17  Drone  
  14  0:31  Drone x2  
  14  0:35  Drone  
  17  0:51  Hatchery  
  17  0:54  Drone  
  17  1:08  Spawning Pool  
  17  1:10  Drone  
  17  1:13  Extractor  
  17  1:14  Drone  
  17  1:18  Drone  
  18  1:29  Drone  
  19  1:39  Overlord  
  19  1:50  Drone  
  20  1:55  Queen  
  22  2:01  Zergling x2  
  22  2:03  Queen  
  22  2:04  Zergling x2  
  26  2:12  Drone  
  26  2:13  Metabolic Boost  
  27  2:15  Drone  
  28  2:23  Spine Crawler  
  28  2:26  Drone  
  28  2:28  Drone  
  29  2:33  Drone  
  30  2:37  Roach Warren  
  30  2:39  Drone  
  30  2:46  Overlord  
  30  2:48  Drone  
  31  2:56  Drone  
  31  2:57  Drone  
  32  3:06  Drone x2  
  32  3:09  Drone x2  
  36  3:15  Drone x2  
  36  3:17  Drone x2  
  40  3:24  Drone  
  41  3:27  Hatchery  
  41  3:28  Drone  
  41  3:32  Extractor  
  40  3:39  Overlord  
  40  3:40  Zergling x2  
  41  3:46  Extractor, Lair  
  41  3:47  Roach  
  42  3:48  Evolution Chamber  
  42  3:52  Roach  
  43  3:56  Overlord  
  43  3:58  Overlord  
  43  3:59  Drone x2  
  43  4:02  Drone  
  46  4:09  Overlord  
  46  4:13  Overlord  
  46  4:16  Zerg Missile Weapons Level 1  
  46  4:18  Drone  
  46  4:19  Overlord  
  46  4:23  Drone  
  48  4:24  Overlord  
  48  4:26  Roach  
  49  4:31  Roach  
  49  4:32  Queen  
  49  4:35  Roach  
  55  4:41  Roach  
  55  4:42  Roach  
  59  4:46  Roach  
  59  4:47  Roach x4  
  59  4:49  Roach  
  59  4:52  Glial Reconstitution  
  71  4:53  Drone  
  71  4:55  Drone  
  71  4:57  Drone  
  71  4:59  Drone  
  75  5:01  Drone  
  75  5:04  Drone  
  77  5:09  Drone  
  77  5:11  Overseer  
  77  5:13  Roach  
  80  5:15  Drone  
  80  5:16  Drone  
  80  5:19  Drone  
  80  5:20  Drone  
  84  5:22  Roach  
  84  5:26  Overlord  
  84  5:27  Roach  
  88  5:34  Extractor, Roach x2  
  90  5:39  Roach x3  
  90  5:41  Drone  
  97  5:44  Overlord  
  97  5:46  Drone, Extractor  
  97  5:47  Drone x2  
  97  5:48  Roach x3  
  105  5:51  Overlord  
  105  5:52  Overlord  
  105  6:01  Overlord  
  105  6:07  Overlord  
  105  6:10  Roach  
  107  6:11  Roach  
  107  6:16  Roach x3  
  103  6:28  Roach x6  
  102  6:42  Roach x2  
  102  6:46  Roach x4  
  99  6:49  Roach x2  
  92  6:54  Roach  
  90  7:05  Roach x2  
  90  7:06  Zerg Missile Weapons Level 2  
  94  7:08  Roach  
  94  7:15  Roach x4  
  104  7:21  Hatchery  
  101  7:23  Roach  
  101  7:27  Roach  
  105  7:31  Roach  
  105  7:33  Ravager x3  
  105  7:34  Ravager x3  
  113  7:37  Roach x2  
  113  7:39  Drone  
  113  7:44  Drone  
  119  7:46  Roach x3  
  119  7:48  Drone  
  126  7:54  Roach  
  130  7:58  Roach  
  130  8:11  Roach x3  
  130  8:12  Roach  
  128  8:14  Overlord  
  128  8:16  Roach  
  128  8:17  Roach x2  
  128  8:23  Drone  
  131  8:27  Roach  
  131  8:35  Ravager  
  131  8:36  Hatchery, Ravager  
  131  8:37  Queen, Drone x3  
  137  8:45  Roach x3  
  143  8:48  Overseer  
  143  8:56  Roach  
  143  8:58  Overlord x3  
  145  9:05  Overlord  
  145  9:06  Overlord  
  145  9:11  Overlord  
  145  9:18  Roach  
  145  9:19  Roach x4  
  155  9:24  Roach x3  
  155  9:27  Ravager x5  
  147  9:40  Roach x5  
Show
View Real Time Build Order
Export as new Build Order

Elazer Zerg - Winner!

Build Orders: Pool First 

Get SALT Encoding   

  12  0:00  Drone  
  13  0:12  Overlord  
  13  0:17  Drone  
  14  0:30  Drone x2  
  14  0:34  Drone  
  17  0:46  Spawning Pool  
  17  0:47  Drone  
  17  1:09  Hatchery  
  17  1:10  Drone  
  17  1:12  Extractor  
  17  1:15  Drone  
  17  1:32  Queen  
  17  1:33  Zergling x4  
  17  1:38  Overlord  
  21  1:50  Drone  
  22  2:00  Drone  
  23  2:08  Queen  
  23  2:15  Drone  
  26  2:18  Metabolic Boost  
  26  2:25  Drone x2  
  28  2:33  Drone x2  
  30  2:39  Roach Warren  
  30  2:41  Drone x2  
  31  2:46  Queen  
  31  2:49  Drone  
  34  2:52  Drone  
  34  2:56  Drone  
  36  3:00  Overlord  
  36  3:12  Overlord  
  36  3:18  Drone x3  
  39  3:21  Roach x2  
  43  3:32  Hatchery, Overlord  
  41  3:38  Drone x3  
  41  3:39  Drone  
  45  3:41  Extractor  
  45  3:46  Overlord  
  44  3:49  Drone x2  
  44  3:52  Extractor  
  44  3:54  Evolution Chamber  
  44  3:55  Roach  
  46  3:58  Roach  
  48  4:06  Roach x2  
  48  4:07  Roach  
  54  4:13  Drone x2  
  54  4:14  Drone  
  54  4:15  Drone  
  57  4:20  Zerg Missile Weapons Level 1  
  57  4:21  Overlord  
  57  4:28  Drone x3  
  60  4:31  Drone x3  
  60  4:33  Drone  
  60  4:37  Ravager x2  
  66  4:41  Overlord  
  66  4:44  Ravager  
  67  4:46  Drone x2  
  67  4:51  Extractor, Ravager  
  69  4:58  Drone  
  69  4:59  Drone  
  71  5:00  Drone  
  71  5:01  Overlord  
  71  5:04  Roach x5  
  81  5:08  Roach  
  81  5:11  Overlord  
  83  5:14  Roach  
  83  5:18  Roach  
  83  5:19  Roach  
  89  5:24  Roach  
  89  5:28  Roach x2  
  95  5:29  Overlord x3  
  95  5:34  Roach x3  
  101  5:36  Roach  
  101  5:37  Roach  
  101  5:40  Overlord  
  105  5:44  Ravager  
  105  5:47  Roach  
  105  5:48  Roach  
  105  5:49  Zergling x4  
  112  5:53  Zergling x6  
  115  5:58  Zergling x2, Ravager  
  115  5:59  Zergling x4  
  115  6:02  Zergling x4  
  115  6:04  Ravager  
  122  6:05  Zergling x2  
  122  6:06  Zergling x8  
  122  6:07  Zergling x2  
  122  6:08  Zergling x2  
  129  6:13  Ravager  
  130  6:23  Zergling x6  
  118  6:29  Ravager  
  118  6:32  Roach x6  
  117  6:41  Roach x4  
  118  6:49  Roach x2  
  118  6:50  Roach x2  
  119  6:54  Roach x2  
  119  6:57  Overlord  
  119  6:58  Overlord  
  119  7:00  Extractor  
  119  7:02  Drone  
  119  7:03  Drone x2  
  119  7:07  Lair, Overlord  
  122  7:14  Overlord  
  116  7:23  Overlord  
  116  7:28  Roach x9  
  134  7:37  Overlord x2  
  134  7:42  Extractor  
  134  7:43  Drone x3  
  136  7:45  Roach x3  
  136  7:48  Ravager x3  
  147  7:51  Roach  
  147  7:52  Roach  
  147  7:54  Overlord x2  
  147  7:57  Roach x2  
  149  8:08  Glial Reconstitution  
  140  8:14  Roach  
  140  8:15  Roach x4  
  142  8:22  Overlord  
  142  8:24  Roach x3  
  142  8:25  Roach x2  
  152  8:31  Roach x2  
  152  8:32  Roach  
  157  8:35  Roach  
  157  8:38  Roach  
  157  8:40  Roach  
  163  8:42  Roach  
  163  8:47  Roach  
  167  8:50  Roach x2  
  167  8:53  Roach  
  173  8:58  Roach x2  
  173  9:01  Roach  
  178  9:05  Roach  
  178  9:07  Ravager  
  178  9:09  Overlord  
  181  9:15  Overlord  
  181  9:20  Roach x2  
  185  9:25  Overlord  
  165  9:41  Roach x3  
  165  9:42  Roach x5  
Tags
 
Add a new tag
Caveats
  • Supply blocks, unpowered buildings, or Contaminate may cause inaccurate times.
  • Supply counts are checked every 10 seconds.